 Dungeon Crawl Stone Soup version 0.23.1 (webtiles) character file.

Game seed: 8867066802283380985

403 Coolking1122 the Poker (level 6, 0/84 HPs)
             Began as a Minotaur Berserker on Mar 22, 2019.
             Was a Priest of Trog.
             Succumbed to an adder's poison
             ... on level 6 of the Dungeon.
             The game lasted 00:22:56 (2766 turns).

Coolking1122 the Poker (Minotaur Berserker)         Turns: 2766, Time: 00:22:57

Health: 0/84       AC: 23    Str: 24    XL:     6   Next: 55%
Magic:  5/5        EV:  2    Int:  4    God:    Trog [***...]
Gold:   114        SH:  0    Dex:  9    Spells: 5/5 levels left

rFire    . . .     SeeInvis .   a - +0 spear
rCold    . . .     Gourm    .   (no shield)
rNeg     + + +     Faith    .   (armour currently unavailable)
rPois    +         Spirit   .   (helmet currently unavailable)
rElec    .         Reflect  .   (cloak currently unavailable)
rCorr    .         Harm     .   (gloves currently unavailable)
MR       .....     NoTele   +   (boots currently unavailable)
Stlth    +.........             (no amulet)
HPRegen  0.24/turn              (no ring)
MPRegen  0.09/turn              (no ring)

@: lethally poisoned (0 -> -10), tree-form, berserk cooldown
A: (retaliatory headbutt)
a: Berserk, Trog's Hand, Renounce Religion


You were on level 6 of the Dungeon.
You worshipped Trog.
Trog was most pleased with you.
You were not hungry.
You were a tree.
You visited 1 branch of the dungeon, and saw 5 of its levels.

You collected 114 gold pieces.

Inventory:

Hand Weapons
 a - a +0 spear (weapon)
Missiles
 f - 23 arrows
Armour
 b - a +0 animal skin
 e - a +0 chain mail (melded)
Jewellery
 d - an uncursed ring of ice
Scrolls
 i - a scroll of amnesia {unknown}
Potions
 g - a potion of magic {unknown}
 h - a potion of curing {unknown}
Comestibles
 c - 4 rations


   Skills:
 + Level 5.1 Fighting
 + Level 6.6 Polearms
 + Level 5.0 Armour
 + Level 2.6 Dodging
 + Level 0.2 Stealth


You had 5 spell levels left.
You didn't know any spells.
Your spell library was empty.

Dungeon Overview and Level Annotations

Branches:
Dungeon (4/15)
 Temple: D:4-7

Altars:


Innate Abilities, Weirdness & Mutations

((You reflexively headbutt those who attack you in melee.))
((You have a pair of horns on your head.))


Message History

You feel sick. The adder bites you.
* * * LOW HITPOINT WARNING * * *
You are more poisoned.
The adder poisons you!
You hit the adder.
The adder is almost dead.
* * * LOW HITPOINT WARNING * * *
You feel sick. The adder bites you.
* * * LOW HITPOINT WARNING * * *
You are more poisoned.
The adder poisons you!
You don't know any spells.
It was a potion of lignification.
You turn into a tree.
Your +0 chain mail melds into your body.
Your roots penetrate the ground.
* * * LOW HITPOINT WARNING * * *
You feel sick.
The adder bites you but does no damage. x2
You barely miss the adder.
The adder is almost dead.
You die...

#.....# #.#.# #.....#
#.#)# ###.#### #.#(#
#.#...###.#)#
##..###.##.#(######
...........).......
##.##.....(.......
#.####S.).?.##.#######.
#....)♣#........>..
###################


You could see an adder.

Vanquished Creatures
  A phantom (D:6)
  A big kobold (D:6)
  2 orc priests (D:6)
  2 orc wizards (D:3)
  A worker ant (D:6)
  3 gnolls (D:6)
  2 adders (D:3)
  2 worms (D:2)
  A dart slug (D:1)
  2 leopard geckos (D:2)
  7 orcs
  5 bats
  A giant cockroach (D:2)
  3 goblins
  6 hobgoblins
  2 jackals (D:4)
  2 quokkas
  A ball python (D:3)
  4 frilled lizards
  6 kobolds
  15 rats
69 creatures vanquished.

Notes
Turn   | Place    | Note
-------+----------+-------------------------------------------
     0 | D:1      | Coolking1122 the Minotaur Berserker began the quest for the
                  | Orb.
     0 | D:1      | Reached XP level 1. HP: 19/19 MP: 0/0
   388 | D:1      | Reached XP level 2. HP: 15/27 MP: 1/1
   497 | D:1      | Reached skill level 4 in Polearms
  1300 | D:2      | Reached XP level 3. HP: 23/33 MP: 2/2
  1694 | D:2      | Reached ** piety under Trog
  2247 | D:3      | Reached XP level 4. HP: 39/41 MP: 3/3
  2307 | D:3      | Reached skill level 5 in Polearms
  2579 | D:4      | Reached XP level 5. HP: 47/47 MP: 4/4
  2646 | D:4      | You fall through a shaft for 2 floors!
  2660 | D:6      | Noticed a phantom
  2688 | D:6      | Killed a phantom
  2688 | D:6      | Reached skill level 6 in Polearms
  2723 | D:6      | Reached skill level 5 in Fighting
  2723 | D:6      | Reached XP level 6. HP: 54/56 MP: 5/5
  2736 | D:6      | Reached *** piety under Trog
  2762 | D:6      | Reached skill level 5 in Armour
  2764 | D:6      | HP: 1/56 [adder (3)]
  2766 | D:6      | Succumbed to an adder's poison

Skill      XL: |  1  2  3  4  5  6 |
---------------+-------------------+-----
Fighting       | 4 5 |  5.1
Polearms       | 4 5 6 |  6.6
Armour         | 3 4 5 |  5.0
Dodging        | |  2.6
Stealth        | |  0.2

Action                   |  1- 3 |  4- 6 || total
-------------------------+-------+-------++-------
Melee: Spear             |   116 |    83 ||   199
       Headbutt          |    20 |    16 ||    36
Invok: Berserk           |       |     1 ||     1
  Use: Potion            |       |     1 ||     1
  Eat: Ration            |     2 |       ||     2
Armor: Chain mail        |    55 |    35 ||    90
       Skin              |       |     2 ||     2
Dodge: Dodged            |    40 |    31 ||    71
